 Dungeon Crawl Stone Soup version 0.18-a0-1664-gced2424 (webtiles) character file.

5 Sixotanaka the Chiller (level 1, 0/13 HPs)
             Began as a Merfolk Ice Elementalist on Mar 31, 2016.
             Slain by a goblin (1 damage)
             ... on level 1 of the Dungeon.
             The game lasted 00:00:52 (164 turns).

Sixotanaka the Chiller (Merfolk Ice Elementalist)    Turns: 164, Time: 00:00:52

Health: 0/13       AC:  2    Str:  8    XL:     1   Next: 80%
Magic:  0/3        EV: 13    Int: 14    God:
Gold:   0          SH:  0    Dex: 14    Spells: 1 memorised, 3 levels left

rFire  . . .     SeeInvis .     (no weapon)
rCold  . . .     Gourm    .     a - +0 robe
rNeg   . . .     Faith    .     (no shield)
rPois  .         Spirit   .     (no helmet)
rElec  .         Dismiss  .     (no cloak)
rCorr  .         Reflect  .     (no gloves)
SustAt .         Harm     .     (no boots)
MR     .....                    (no amulet)
Stlth  ++........               (no ring)
                                (no ring)

@: not resistant to hostile enchantments, unstealthy
A: change form in water, swift swim
a: no special abilities


You were on level 1 of the Dungeon.
You were not hungry.

You visited 1 branch of the dungeon, and saw 1 of its levels.


   Skills:
 - Level 2.6 Dodging
 - Level 2.1 Stealth
 - Level 2.0 Spellcasting
   Level 0.7 Conjurations
 + Level 3.7 Ice Magic


You had 3 spell levels left.
You knew the following spells:

 Your Spells              Type           Power        Failure   Level  Hunger
z - Freeze                Ice            ##..         6%          1    ##.....


Dungeon Overview and Level Annotations

Branches:
Dungeon (1/15)

Altars:

Inventory:

Armour
 a - a +0 robe (worn)
Scrolls
 e - a scroll of remove curse {unknown}
Books
 b - a book of Frost
Comestibles
 c - a bread ration
 d - 3 chunks of flesh

...## #.....#
#. ##
########.#####
## #.....##.#
#.....##.#
#.....##.##
#..)..##..#
#.......#.#
#....[..##s#g#
#.##.#..##.#@#
# #.#..##.#l#
#........s#
#.##.#..###
.##.......#
.......#.##
s.....##.#
..#.....#
#....†###


You could see a giant gecko, a giant cockroach and a goblin.


Message History

The hobgoblin shouts!
You kill the hobgoblin!
The hobgoblin shouts!
You hear a shout!
Casting: Freeze
Aiming: Freeze
Aim: a hobgoblin You freeze the hobgoblin.
The hobgoblin hits you.
A giant gecko and a goblin come into view.
Casting: Freeze
Aiming: Freeze
Aim: a hobgoblin (moderately wounded)
You freeze the hobgoblin.
The giant gecko hisses menacingly.
The goblin moves out of view.
The hobgoblin hits you.
A giant cockroach comes into view.
The giant cockroach waves its antennae.
Casting: Freeze
Aiming: Freeze
Aim: a hobgoblin (almost dead)
You freeze the hobgoblin.
You kill the hobgoblin!
Casting: Freeze
Aiming: Freeze
Aim: a giant gecko (clinging)
You freeze the giant gecko.
The giant gecko seems to slow down.
The giant gecko is no longer moving slowly.
Found a scale mail.
A bat comes into view.
The giant gecko barely misses you. The giant gecko barely misses you.
The giant gecko bites you but does no damage.
Casting: Freeze
Aiming: Freeze
Aim: a giant gecko (moderately wounded, clinging)
You freeze the giant gecko.
The giant gecko seems to slow down.
The giant gecko completely misses you.
Casting: Freeze
Aiming: Freeze
Aim: a giant gecko (heavily wounded, slow, clinging)
You freeze the giant gecko.
The giant gecko is no longer moving slowly.
The giant gecko barely misses you. The giant gecko bites you.
* * * LOW HITPOINT WARNING * * *
The giant gecko closely misses you.
Casting: Freeze
Aiming: Freeze
Aim: a giant gecko (heavily wounded, clinging)
You freeze the giant gecko.
The giant gecko seems to slow down.
The giant gecko is no longer moving slowly.
The giant gecko barely misses you. The goblin barely misses you.
You barely miss the giant gecko. The giant gecko bites you.
* * * LOW HITPOINT WARNING * * *
The goblin barely misses you.
You barely miss the giant gecko. The giant gecko barely misses you.
The goblin hits you.
* * * LOW HITPOINT WARNING * * *
The giant gecko bites you but does no damage.
You miss the giant gecko. The giant gecko completely misses you.
The goblin barely misses you.
Unknown command.
Casting: Freeze
Aiming: Freeze
Aim: a goblin You freeze the goblin.
The giant gecko bites you.
* * * LOW HITPOINT WARNING * * *
The goblin completely misses you.
You hit the goblin. The giant gecko barely misses you. The goblin hits you.
You die...

Action                   || total
-------------------------++-------
Melee: Unarmed           ||     4
 Cast: Freeze            ||    12

Vault maps used:
D:1:      lightli_arrival_noodles, minmay_box_of_dots

Notes
Turn   | Place    | Note
--------------------------------------------------------------
     0 | D:1      | Sixotanaka the Merfolk Ice Elementalist began the quest for the Orb.
     0 | D:1      | Reached XP level 1. HP: 13/13 MP: 3/3
   161 | D:1      | HP: 3/13 [goblin (2)]
   163 | D:1      | HP: 1/13 [giant gecko (2)]
   164 | D:1      | Slain by a goblin

Vanquished Creatures
  2 hobgoblins (D:1)
  A giant newt (D:1)
  2 goblins (D:1)
5 creatures vanquished.
